 Dungeon Crawl Stone Soup version 0.30.0 (webtiles) character file.

Game seed: 16351317418944559301

22748 Vegetabless the Fighter (level 12, -6/115 HPs)
             Began as a Minotaur Berserker on Sept 15, 2023.
             Was a High Priest of Trog.
             Mangled by a +0 scimitar of holy wrath (16 damage)
             ... on level 1 of the Elven Halls.
             The game lasted 00:31:48 (12249 turns).

Vegetabless the Fighter (Minotaur Berserker)       Turns: 12249, Time: 00:31:49

Health: -6/115     AC: 28    Str: 26    XL:     12   Next: 65%
Magic:  11/11      EV: 10    Int:  4    God:    Trog [*****.]
Gold:   1090       SH:  0    Dex: 11    Spells: 11/11 levels left

rFire   . . .        Y - +5 executioner's axe (flame)
rCold   . . .        (shield currently unavailable)
rNeg    . . .        R - +4 plate armour
rPois   .            (helmet restricted)
rElec   .            a - +2 cloak {rCorr}
rCorr   +            m - +0 pair of gloves
SInv    .            (no boots)
Will    .....        M - amulet of the acrobat Stlth
                     k - +4 ring of protection
HPRegen 0.39/turn    U - +4 ring of slaying
MPRegen 0.12/turn

%: acrobat
@: no status effects
A: horns 2, retaliatory headbutt
a: Renounce Religion, Berserk, Trog's Hand, Brothers in Arms


You were on level 1 of the Elven Halls.
You worshipped Trog.
Trog was extremely pleased with you.
You visited 3 branches of the dungeon, and saw 12 of its levels.

You collected 1556 gold pieces.
You spent 466 gold pieces at shops.

Inventory:

Hand Weapons
 i - a +0 arbalest
 t - a +0 battleaxe
 X - a +6 lajatang of flaming
 Y - a +5 executioner's axe of flaming (weapon)
Missiles
 b - a throwing net
 f - 5 datura-tipped darts
 p - 17 boomerangs
 P - 2 javelins
 Q - 3 silver javelins (quivered)
Armour
 a - a +2 cloak of preservation (worn)
 m - a +0 pair of gloves (worn)
 D - a +0 cloak
 R - a +4 plate armour (worn)
Jewellery
 k - a +4 ring of protection (left hand)
 l - a ring of protection from fire
 u - an amulet of guardian spirit
 y - a +6 ring of intelligence
 M - an amulet of the acrobat (around neck)
 S - an amulet of faith
 U - a +4 ring of slaying (right hand)
Wands
 N - a wand of iceblast (3)
 O - a wand of flame (25)
 T - a wand of paralysis (8)
Scrolls
 j - 2 scrolls of immolation
 o - a scroll of fog
 q - a scroll of amnesia
 r - 2 scrolls of teleportation
 w - 2 scrolls of butterflies
 x - a scroll of fear
 K - a scroll of noise
Potions
 c - 3 potions of heal wounds
 d - 2 potions of haste {unknown}
 e - a potion of resistance
 g - 2 potions of lignification {unknown}
 s - 5 potions of brilliance
 z - 4 potions of attraction
 A - 8 potions of curing
 B - a potion of flight {unknown}
 F - 4 potions of might
 I - 2 potions of mutation {unknown}
 V - a potion of degeneration {unknown}
 W - 2 potions of berserk rage {unknown}


   Skills:
 + Level 13.2 Fighting
 + Level 13.2 Axes
 + Level 8.4 Throwing
 * Level 11.9 Armour
 + Level 9.5 Dodging


You had 11 spell levels left.
You didn't know any spells.
Your spell library was empty.

Dungeon Overview and Level Annotations

Branches:
Dungeon (9/15)             Temple (0/1) D:6             Orc (2/2) D:9
    Elf (1/3) Orc:2
   Lair: D:8-11

Altars:
Elyvilon
Fedhas
Gozag
Zin
The Shining One

Shops:
D:6 [   Orc:1 (!   Orc:2 :*[(

Portals:
Abyss: D:7


Innate Abilities, Weirdness & Mutations

You have a pair of horns on your head.
You reflexively headbutt those who attack you in melee.


Message History

The lance of force hits you.
You are knocked back by the lance of force.
A shard of ice appears from out of thin air!
The shard of ice misses you.
You hear some strange, mumbled words.
A shard of ice appears from out of thin air!
The shard of ice misses you.
The +0 scimitar of holy wrath misses you.
You furiously retaliate!
You headbutt the +0 scimitar of holy wrath!
The +0 scimitar of holy wrath attacks as you move away!
The +0 scimitar of holy wrath hits you but does no damage.
The +0 scimitar of holy wrath completely misses you.
The +0 scimitar of holy wrath closely misses you.
You furiously retaliate!
You headbutt the +0 scimitar of holy wrath.
The +0 scimitar of holy wrath hits you but does no damage.
The +0 scimitar of holy wrath attacks as you move away!
The +0 scimitar of holy wrath hits you but does no damage.
There is an open door here.
The +0 scimitar of holy wrath attacks as you move away!
The +0 scimitar of holy wrath hits you.
The +0 scimitar of holy wrath barely misses you.
The +0 scimitar of holy wrath hits you!
* * * LOW HITPOINT WARNING * * *
The +0 scimitar of holy wrath attacks as you move away!
The +0 scimitar of holy wrath hits you.
* * * LOW HITPOINT WARNING * * *
You miss the +0 scimitar of holy wrath.
Your headbutt misses the +0 scimitar of holy wrath.
The +0 scimitar of holy wrath is heavily damaged.
Something blocks your attack.
A deep elf knight appears from thin air!
Reactivating autopickup.
The +0 scimitar of holy wrath hits you.
* * * LOW HITPOINT WARNING * * *
The deep elf knight hits you with a +1 scimitar of electrocution!
* * * LOW HITPOINT WARNING * * *
The +0 scimitar of holy wrath hits you!
You die...

#)#.###.#....#.......###
#.#....................#
#.#..#.........#.....#.#
#.#........##.......##.#
#...##################.####..
###)##...........# #.......#
#.##..⌠..#..⌠..###.#)###.#
##.##.....#...e.#.#.#.###.#
##...#..<..#..@(.'...#...#.#
##.####..)..#.....#....###..#
#.#...#..⌠..#..⌠..###.#...#.#
#.#...#.......))..# #.#...#.#
#.#...############# #.#...#.#
##.###............# ##.###.##
##...#.###.......####....##
#####.# ####.........#### #.#
#..#####..#


You could see a deep elf knight (fast) and a +0 scimitar of holy wrath.

Vanquished Creatures
  An orc warlord (Orc:2)
  A two-headed ogre (D:9)
  2 dancing weapons (Elf:1)
  The ghost of
  123 the Basher, a novice OgBe of Trog (D:7)
  4 orc high priests (Orc:2)
  A deep elf knight (Elf:1)
  3 orc knights (Orc:2)
  A deep elf archer (Elf:1)
  A deep elf zephyrmancer (Elf:1)
  3 deep elf pyromancers
  4 orc sorcerers
  Maurice (Orc:1)
  A cyclops (Orc:2)
  A toenail golem (D:7)
  An ice devil (D:7)
  2 hornets (D:7)
  Prince Ribbit (D:8)
  2 trolls
  A raiju (D:7)
  An air elemental (Elf:1)
  8 yaks
  A wyvern (D:9)
  3 wargs
  A water moccasin (D:8)
  3 small abominations (D:7)
  A black bear (D:5)
  32 orc warriors
  An ice beast (D:5)
  2 sky beasts
  4 ogres
  A phantom (D:5)
  5 centaurs
  2 kobold brigands
  A bullfrog (D:9)
  An earth elemental (Elf:1)
  6 scorpions
  6 wights
  A howler monkey (D:5)
  4 hounds
  Crazy Yiuf (D:3)
  24 orc priests
  2 gnoll boudas (D:5)
  3 jellies
  A sleepcap (D:5)
  5 iguanas
  26 orc wizards
  10 adders
  3 gnolls (D:5)
  2 shadow imps (D:5)
  3 white imps (D:7)
  An ufetubus (D:6)
  2 dart slugs
  79 orcs
  7 ball pythons
  5 endoplasms
  5 giant cockroaches (D:1)
  11 goblins
  12 hobgoblins
  2 jackals (D:2)
  3 quokkas
  3 training dummies (Orc:1)
  4 bats
  5 frilled lizards
  18 kobolds
  7 rats
360 creatures vanquished.

Vanquished Creatures (others)
  A troll (Elf:1)
  An orc (Orc:2)
  4 plants (D:7)
6 creatures vanquished.

Grand Total: 366 creatures vanquished

Notes
Turn   | Place    | Note
-------+----------+-------------------------------------------
     0 | D:1      | Vegetabless the Minotaur Berserker began the quest for the
                  | Orb.
     0 | D:1      | Reached XP level 1. HP: 19/19 MP: 0/0
   170 | D:1      | Reached XP level 2. HP: 26/27 MP: 1/1
   504 | D:1      | Reached ** piety under Trog
   505 | D:1      | Reached XP level 3. HP: 33/33 MP: 2/2
   727 | D:2      | Found a faded altar of an unknown god.
  1379 | D:3      | Found a glowing silver altar of Zin.
  1384 | D:3      | Found a glowing golden altar of the Shining One.
  1423 | D:3      | Found a blossoming altar of Fedhas.
  1425 | D:3      | Found an opulent altar of Gozag.
  1425 | D:3      | Found a white marble altar of Elyvilon.
  1584 | D:3      | Reached XP level 4. HP: 41/41 MP: 3/3
  1707 | D:3      | Found a runed translucent door.
  1708 | D:3      | Noticed Crazy Yiuf
  1768 | D:3      | Killed Crazy Yiuf
  1769 | D:3      | Reached skill level 1 in Throwing
  2142 | D:4      | Noticed a sky beast
  2145 | D:4      | Reached XP level 5. HP: 47/47 MP: 2/4
  2157 | D:4      | Killed a sky beast
  2158 | D:4      | Reached skill level 5 in Fighting
  2158 | D:4      | Reached skill level 5 in Axes
  2237 | D:4      | Reached XP level 6. HP: 54/56 MP: 5/5
  2276 | D:4      | Reached *** piety under Trog
  2701 | D:5      | Entered Level 5 of the Dungeon
  3171 | D:5      | Reached XP level 7. HP: 48/63 MP: 4/6
  3677 | D:5      | Reached XP level 8. HP: 66/71 MP: 5/7
  3726 | D:5      | Reached skill level 5 in Armour
  4074 | D:6      | Found Cafeivie's Armour Shoppe.
  4175 | D:6      | Reached **** piety under Trog
  4192 | D:6      | Reached skill level 5 in Dodging
  4413 | D:6      | Reached XP level 9. HP: 67/82 MP: 8/8
  4781 | D:6      | Found a staircase to the Ecumenical Temple.
  5245 | D:7      | Found a transporter.
  5246 | D:7      | Noticed an ice devil
  5250 | D:7      | Found a transporter.
  5251 | D:7      | Noticed a toenail golem
  5299 | D:7      | Noticed 123's ghost (novice OgBe)
  5304 | D:7      | Killed a toenail golem
  5317 | D:7      | Killed an ice devil
  5318 | D:7      | Reached skill level 5 in Throwing
  5326 | D:7      | Killed 123's ghost
  5327 | D:7      | Reached skill level 10 in Fighting
  5327 | D:7      | Reached skill level 10 in Axes
  5327 | D:7      | Reached XP level 10. HP: 49/93 MP: 9/9
  5353 | D:7      | HP: 3/93 [small abomination (6)]
  5500 | D:7      | Found a one-way gate to the infinite horrors of the Abyss.
  6323 | D:7      | Identified the +0 great mace "Xinoc" {pain, Dex+3}
  6517 | D:8      | Noticed Prince Ribbit
  6530 | D:8      | Killed Prince Ribbit
  6593 | D:8      | You fall into a shaft and drop 1 floor!
  6638 | D:9      | Noticed a two-headed ogre
  6660 | D:9      | Killed a two-headed ogre
  7739 | D:9      | Reached ***** piety under Trog
  7744 | D:9      | Found a staircase to the Orcish Mines.
  7810 | D:9      | Reached XP level 11. HP: 70/102 MP: 10/10
  8365 | Orc:1    | Entered Level 1 of the Orcish Mines
  8593 | Orc:1    | Found Xol Koqu's Distillery.
  8741 | Orc:1    | Noticed an orc sorcerer
  8743 | Orc:1    | Noticed a sun demon
  8764 | Orc:1    | Killed an orc sorcerer
  8960 | Orc:1    | Noticed Maurice
  8964 | Orc:1    | Bought a potion of curing for 36 gold pieces
  8964 | Orc:1    | Bought a potion of might for 48 gold pieces
  8964 | Orc:1    | Bought a potion of heal wounds for 60 gold pieces
  8975 | Orc:1    | Killed Maurice
  8995 | Orc:1    | Found Qayradgh's Firing Range.
  9336 | Orc:2    | Entered Level 2 of the Orcish Mines
  9458 | Orc:2    | Found a staircase to the Elven Halls.
  9639 | Orc:2    | Received a gift from Trog
 10089 | Orc:2    | Noticed an orc knight
 10117 | Orc:2    | Killed an orc knight
 10169 | Orc:2    | Noticed an orc high priest
 10179 | Orc:2    | Killed an orc high priest
 10234 | Orc:2    | Noticed an orc warlord
 10246 | Orc:2    | Killed an orc warlord
 10332 | Orc:2    | Noticed an orc knight
 10342 | Orc:2    | Killed an orc knight
 10350 | Orc:2    | Noticed an orc sorcerer
 10364 | Orc:2    | Killed an orc sorcerer
 10391 | Orc:2    | Noticed an orc sorcerer
 10392 | Orc:2    | Killed an orc sorcerer
 10393 | Orc:2    | Reached skill level 10 in Armour
 10463 | Orc:2    | Noticed an orc sorcerer
 10466 | Orc:2    | Noticed a sun demon
 10482 | Orc:2    | Killed an orc sorcerer
 10502 | Orc:2    | Reached XP level 12. HP: 86/113 MP: 11/11
 10754 | Orc:2    | Noticed an orc high priest
 10776 | Orc:2    | Killed an orc high priest
 10951 | Orc:2    | Noticed an orc high priest
 10973 | Orc:2    | Killed an orc high priest
 11094 | Orc:2    | Received a gift from Trog
 11131 | Orc:2    | Noticed an orc high priest
 11138 | Orc:2    | Killed an orc high priest
 11159 | Orc:2    | Found Tisu's Antique Armour Boutique.
 11160 | Orc:2    | Found Kuodiug's Antique Weapon Boutique.
 11162 | Orc:2    | Found Buciohow's General Store.
 11162 | Orc:2    | Found Cuotemej's Book Shop.
 11296 | Orc:2    | Bought a potion of might for 60 gold pieces
 11296 | Orc:2    | Bought a scroll of identify for 30 gold pieces
 11306 | Orc:2    | Bought a glowing cloak for 232 gold pieces
 11596 | Elf:1    | Entered Level 1 of the Elven Halls
 12175 | Elf:1    | Noticed an orc high priest
 12179 | Elf:1    | Paralysed by an air elemental for 1 turns
 12185 | Elf:1    | Paralysed by an air elemental for 1 turns
 12189 | Elf:1    | Paralysed by an air elemental for 1 turns
 12191 | Elf:1    | Paralysed by an air elemental for 1 turns
 12249 | Elf:1    | Mangled by a +0 scimitar of holy wrath

Illustrated notes

Levels and vault maps discovered:
D:1:      dpeg_arrival_oval, layout_basic, supply_closet_lemuel, minmay_unequal
D:2:      layout_loops_ring, shapermc_ecumenical_altar_rom_forum
D:3:      layout_loops_ring, nicolae_overflow_hidden_temple,
          nicolae_underground_beach, uniq_crazy_yiuf_cottage
D:4:      layout_cave_pools
D:5:      cheibrodos_barr_body, layout_cave_pods, kennysheep_flooded_box
D:6:      layout_loops_ring, lemuel_temple_firewalk_b, serial_shops,
          nicolae_stop_n_shop_1, serial_rivers, chequers_serial_rivers_room_b,
          chequers_serial_rivers_small_a, chequers_serial_rivers_room_a,
          chequers_serial_rivers_micro_c
D:7:      corexii_shack_village, layout_loops_ring,
          gammafunk_ghost_abyssal_escape, nicolae_kite_square_tiling_tiny,
          kennysheep_cross_bottleneck
D:8:      layout_loops_ring, david_defended_altar_orc, uniq_prince_ribbit1
D:9:      layout_basic, erik_orc_4, chequers_serial_rivers_small_3
Orc:1:    layout_caves, serial_shops, shop, nicolae_shop_firing_range,
          uniq_maurice, uniq_urug
Orc:2:    st_orc_congregation, layout_diamond_mine
Elf:1:    nicolae_elf_arrival_fired_up, layout_loops_cross,
          nicolae_elf_elemental_lessons

Skill      XL: |  1  2  3  4  5  6  7  8  9 10 11 12 |
---------------+-------------------------------------+-----
Axes           | 4 5 6 7 8 10 11 12 13 | 13.2
Fighting       | 4 5 6 8 10 11 12 13 | 13.2
Armour         | 3 4 5 7 8 10 11 | 11.9
Throwing       | 1 2 3 4 5 6 7 8 |  8.4
Dodging        | 3 4 5 6 7 8 9 |  9.5

Action                     |  1- 3 |  4- 6 |  7- 9 | 10-12 || total
---------------------------+-------+-------+-------+-------++-------
  Melee: Hand axe          |    90 |    83 |    49 |       ||   222
         Headbutt          |     9 |    18 |    36 |    92 ||   155
         Punch             |     2 |     2 |     1 |     7 ||    12
         War axe           |       |       |   145 |   226 ||   371
         Battleaxe         |       |       |       |   165 ||   165
         Executioner's axe |       |       |       |    55 ||    55
         Broad axe         |       |       |       |    14 ||    14
  Throw: Boomerang         |     8 |       |       |       ||     8
         Javelin           |       |       |     5 |    11 ||    16
         Dart              |       |       |       |     1 ||     1
         Throwing net      |       |       |       |     1 ||     1
 Invoke: Berserk           |       |     1 |     4 |     7 ||    12
         Trog's Hand       |       |       |       |     3 ||     3
         Brothers in Arms  |       |       |       |     1 ||     1
    Use: Scroll            |     4 |     1 |     2 |    11 ||    18
         Potion            |       |       |       |     3 ||     3
 Armour: Animal skin       |    24 |    14 |       |       ||    38
         Ring mail         |       |     9 |       |       ||     9
         Plate armour      |       |     8 |   134 |   244 ||   386
  Dodge: Dodged            |    72 |    42 |   103 |   348 ||   565
